[Event "AUT Bundesliga 2024-25"]
[Site "Austria"]
[Date "2025.04.04"]
[Round "8.1"]
[White "Parligras, Mircea-Emilian"]
[Black "Ragger, Markus"]
[Result "1/2-1/2"]
[Annotator "TA"]
[ECO "D47"]
[WhiteElo "2507"]
[BlackElo "2585"]
[PlyCount "61"]
[EventDate "2024.08.28"]
[EventType "team-tourn"]
[EventCountry "AUT"]
[SourceTitle "playchess.com"]
[Source "ChessBase"]
[SourceQuality "1"]
[TimeControl "40/5400+30:1800+30"]

1. d4 d5 2. c4 e6 3. Nf3 Nf6 4. Nc3 c6 5. e3 Be7 6. Bd3 dxc4 7. Bxc4 b5 8. Bd3 b4 9. Ne4 Nbd7 10. O-O Nxe4 11. Bxe4 Bb7 12. b3 O-O {[%emt 0:15:02] D47: Semi-Slav: Meran System.} 13. Bb2 Nf6 14. Nd2 $146 (14. Bd3 Rc8 15. Qe2 c5 16. dxc5 Rxc5 17. Rfd1 Qa8 18. a3 bxa3 19. Bxa3 Rc7 {½-½ Erdos,V (2610)-Gonda,L (2527) Budapest Spring op 2019 (7)}) 14... Nxe4 15. Nxe4 c5 16. Nxc5 Bxc5 {[%emt 0:00:03] Black sacrificed a pawn} 17. dxc5 Qg5 {[%emt 0:00:07][%csl Gb7,LRc5,LRg2][%cal Rg5g2] [#] Repels Qg4} 18. e4 Bxe4 19. f3 $132 {[%emt 0:00:08][%mdl 2048] White is fighting back} Rfd8 (19... Qxc5+ $2 {is the wrong capture.} 20. Bd4 Qa5 21. fxe4 $18) 20. Qc1 Qxc1 ({Wrong is} 20... Rd2 $2 21. Rf2 (21. fxe4 $2 Qxg2#) 21... Rad8 22. fxe4 $18) 21. Raxc1 Bc6 22. Rfd1 {[%emt 0:57:26] Inhibits Rd2.} Rd5 23. Rxd5 exd5 $11 {[%emt 0:00:02][%mdl 4096] Endgame KRB-KRB} 24. Re1 Re8 25. Rxe8+ Bxe8 {[%emt 0:00:03] KB-KB} 26. Kf2 {[%emt 0:00:00] The position is equal.} f6 27. Ke3 Kf7 28. Kd4 Ke6 29. a3 bxa3 30. Bxa3 Bb5 31. Bc1 {[%emt 0:00:00] An even fight not without its subleties.   Weighted Error Value: White=0.05 (flawless) /Black=0.04 (flawless)   OK:         	White=7     	Black=10     Best:        	White=1     	Black=1} 1/2-1/2

[Event "AUT Bundesliga 2024-25"]
[Site "Austria"]
[Date "2025.04.04"]
[Round "8.2"]
[White "Costa, Leonardo"]
[Black "Kozul, Zdenko"]
[Result "1-0"]
[Annotator "TA"]
[ECO "B67"]
[WhiteElo "2510"]
[BlackElo "2507"]
[PlyCount "79"]
[EventDate "2024.08.28"]
[EventType "team-tourn"]
[EventCountry "AUT"]
[SourceTitle "playchess.com"]
[Source "ChessBase"]
[SourceQuality "1"]
[TimeControl "40/5400+30:1800+30"]

1. e4 c5 2. Nf3 d6 3. d4 cxd4 4. Nxd4 Nf6 5. Nc3 Nc6 6. Bg5 e6 7. Qd2 a6 8. O-O-O Bd7 9. Kb1 Nxd4 {[%emt 0:07:43] B67: Sicilian: Richter-Rauzer: 7...a6 8 0-0-0 Bd7, lines without 9 f4 Be7.} 10. Qxd4 Be7 11. f3 O-O {[%emt 0:05:12][%cal Of6e4] White has an edge.} 12. h4 h6 $146 (12... b5 $11) (12... Bc6 13. Qd2 Rc8 14. Ne2 d5 15. e5 Nd7 16. Bxe7 Qxe7 17. f4 f6 18. exf6 Nxf6 19. Nd4 {½-½ Amonatov,F (2598)-Mosadeghpour,M (2480) UAE National Day 51st rapid 2022 (6)}) 13. Be3 ({White should try} 13. g4 $16) 13... h5 $14 14. Bg5 (14. Be2 $5) 14... Qc7 (14... Bc6 $11) 15. g4 $1 $16 hxg4 16. h5 $1 e5 (16... gxf3 $2 17. h6 e5 18. Qd3 $16) 17. Qf2 (17. Qd3 $16) 17... Kh7 $2 (17... Be6 $14) 18. f4 $18 Bc6 (18... Qd8 $142 19. fxe5 Nxe4 20. Nxe4 Bxg5) 19. fxe5 Nxe4 20. Qf5+ Kg8 21. Nxe4 Bxe4 (21... Qc8 {might work better.} 22. e6 (22. Nxd6 $2 Qxf5 23. Nxf5 Bxg5 $19) 22... fxe6 23. Qxg4 Bxe4 24. Qxe4 Bxg5) 22. Qxe4 {[%emt 0:00:03][%cal Of1d3] White wants to mate with Bd3!.} Bxg5 23. Bd3 $2 (23. exd6 Qc6 24. Qxg4 Qxh1 $18) (23. Rxd6 Rae8 24. Bd3 (24. Qxg4 $2 Qxd6 25. Qxg5 Rxe5 $19) 24... f5 25. Qd5+ Kh8 $18) (23. Qf5) 23... f5 24. exf6 {[%emt 0:00:03] White attacks} gxf6 {[%emt 0:00:11] Black is weak on the light squares} 25. Qxg4 Kh8 26. h6 Rae8 27. a3 Re5 28. Bc4 Qe7 29. Bb3 f5 30. Qf3 f4 31. h7 {[%emt 0:00:02] White has more active pieces.} b5 32. Rh3 a5 33. Qc6 Rc5 (33... Bf6 $11) 34. Qg2 Qe5 (34... Rcf5 $14) 35. Bd5 (35. Rhd3 $16) 35... b4 {[%emt 0:00:15] Opposite bishops and equal position} (35... Rfc8 $1 $11 36. Be4 Re8) 36. a4 $14 Rcc8 $2 {[%emt 0:01:25][%mdl 8192] [#]} ({Better is} 36... Rc7 $14) 37. Rh5 $2 $40 {[%emt 0:00:10][%mdl 128] White is out for blood.} (37. Rg1 $1 $18 Rf5 38. Be4) 37... Rf5 $16 {[%emt 0:00:19][%cal Of4f3] and ...f3! should not be overlooked} 38. Qg4 {[%emt 0:00:55] Strongly threatening Rxg5. The board is on fire.} Rcf8 $2 (38... Bf6 39. Qg8+) (38... Rc5 $14 39. Bf3 Qf6) 39. Rd3 $2 (39. Be6 $18 b3 40. Bxf5 Qxf5 41. Qxf5 (41. Qxg5 $2 {gets mated.} Qxc2+ 42. Ka1 Qxd1#) 41... Rxf5 42. cxb3 (42. Rxd6 Re5 $18)) 39... f3 $2 {[%emt 0:00:26] [#]} ({Not} 39... Bf6 40. Qg8+) (39... Rd8 $16 40. Bf7 d5 (40... Bf6 41. Qg8+)) 40. Rxf3 $1 {[%emt 0:00:42] Weighted Error Value: White=0.56/Black=0.65  Loses game:     	---       	Black=3      Missed win:     	White=2     	---        Mistake:       	White=4     	Black=8      Inaccurate:     	White=2     	---        OK:         	White=9     	Black=11     Best:        	White=2     	Black=2      Strong:       	White=2     	---} 1-0

[Event "AUT Bundesliga 2024-25"]
[Site "Austria"]
[Date "2025.04.04"]
[Round "8.4"]
[White "Handler, Lukas"]
[Black "Schnider, Gert"]
[Result "1/2-1/2"]
[Annotator "RC"]
[ECO "D38"]
[WhiteElo "2444"]
[BlackElo "2368"]
[PlyCount "60"]
[EventDate "2024.08.28"]
[EventType "team-tourn"]
[EventCountry "AUT"]
[SourceTitle "playchess.com"]
[Source "ChessBase"]
[SourceQuality "1"]
[TimeControl "40/5400+30:1800+30"]

1. d4 Nf6 2. c4 e6 3. Nf3 d5 4. Nc3 Bb4 5. cxd5 exd5 6. Bg5 h6 7. Bxf6 Qxf6 8. Qa4+ Nc6 9. e3 O-O 10. Bd3 Bf5 11. Bxf5 Qxf5 12. O-O Qe6 13. Rfc1 a6 14. Qb3 Rfd8 15. Na4 Rab8 16. Nc5 Qd6 17. a3 Bxc5 18. Rxc5 Ne7 19. Qc2 c6 20. b4 Nc8 21. Nd2 Qf6 22. a4 Nd6 23. Qd1 Re8 24. Rc2 Re7 25. Nf3 Rbe8 26. Ne5 Qg5 27. Qf3 Re6 28. g3 Rf6 29. Qe2 Qf5 30. Rd1 Rfe6 1/2-1/2

[Event "AUT Bundesliga 2024-25"]
[Site "Austria"]
[Date "2025.04.04"]
[Round "8.5"]
[White "Fahrner, Kurt"]
[Black "Bauer, Sebastian"]
[Result "0-1"]
[Annotator "RC"]
[ECO "C50"]
[WhiteElo "2266"]
[BlackElo "2312"]
[PlyCount "90"]
[EventDate "2024.08.28"]
[EventType "team-tourn"]
[EventCountry "AUT"]
[SourceTitle "playchess.com"]
[Source "ChessBase"]
[SourceQuality "1"]
[TimeControl "40/5400+30:1800+30"]

1. e4 e5 2. Nf3 Nc6 3. Nc3 Nf6 4. Bc4 Bc5 5. d3 h6 6. Nd5 d6 7. c3 a5 8. a4 Ba7 9. Be3 Nxd5 10. Bxd5 Bxe3 11. fxe3 Ne7 12. Bb3 Ng6 13. O-O O-O 14. Qe1 c6 15. Qg3 Kh7 16. h4 Qb6 17. Nd2 Nf4 18. Qf3 Nxd3 19. Bxf7 Nf4 20. Bb3 Nh3+ 21. gxh3 Rxf3 22. Rxf3 Bd7 23. Raf1 Re8 24. Kh2 Be6 25. Bxe6 Rxe6 26. b3 Qc5 27. c4 Qb4 28. R1f2 Rf6 29. Rxf6 gxf6 30. Kg3 Qc3 31. Kf3 Qc1 32. Ke2 Kg7 33. Rf1 Qc2 34. h5 Kf7 35. Rg1 d5 36. cxd5 cxd5 37. exd5 e4 38. Rg6 Qd3+ 39. Kd1 Qxe3 40. Rg4 f5 41. Rg2 Qd3 42. Ke1 Qxh3 43. Re2 e3 44. d6 exd2+ 45. Rxd2 Ke8 0-1

[Event "AUT Bundesliga 2024-25"]
[Site "Austria"]
[Date "2025.04.04"]
[Round "8.6"]
[White "Hartl, Daniel"]
[Black "Krebs, Johann"]
[Result "1/2-1/2"]
[Annotator "RC"]
[ECO "E62"]
[WhiteElo "2271"]
[BlackElo "2231"]
[PlyCount "63"]
[EventDate "2024.08.28"]
[EventType "team-tourn"]
[EventCountry "AUT"]
[SourceTitle "playchess.com"]
[Source "ChessBase"]
[SourceQuality "1"]
[TimeControl "40/5400+30:1800+30"]

1. d4 Nf6 2. c4 g6 3. g3 Bg7 4. Bg2 O-O 5. Nc3 d6 6. Nf3 c6 7. O-O Bf5 8. Ne1 d5 9. cxd5 cxd5 10. Qb3 Qb6 11. Qxb6 axb6 12. Nxd5 Nxd5 13. Bxd5 Nc6 14. e3 Rfd8 15. Bg2 Na5 16. e4 Bd7 17. Nf3 Nb3 18. Rb1 Rxa2 19. Rd1 Bb5 20. Bf1 Nxd4 21. Nxd4 Bxf1 22. Kxf1 Rxd4 23. Be3 Rxd1+ 24. Rxd1 Bxb2 25. Rd7 e6 26. Rxb7 h5 27. Rxb6 Bf6 28. h4 Ra4 29. f3 Ra2 30. Rb3 Be5 31. f4 Bf6 32. e5 1/2-1/2

[Event "AUT Bundesliga 2024-25"]
[Site "Austria"]
[Date "2025.04.04"]
[Round "8.7"]
[White "Horvath, Dominik"]
[Black "Nguyen, Thai Dai Van"]
[Result "0-1"]
[Annotator "TA"]
[ECO "B15"]
[WhiteElo "2543"]
[BlackElo "2668"]
[PlyCount "90"]
[EventDate "2024.08.28"]
[EventType "team-tourn"]
[EventCountry "AUT"]
[SourceTitle "playchess.com"]
[Source "ChessBase"]
[SourceQuality "1"]
[TimeControl "40/5400+30:1800+30"]

1. e4 c6 2. d4 d5 3. Nd2 dxe4 4. Nxe4 Nf6 5. Nxf6+ exf6 6. c3 Bd6 7. Bd3 O-O 8. Qc2 g6 9. h4 {[%emt 0:01:22] B15: Caro-Kann: 3 Nc3: 3...g6 and 3...dxe4 4 Nxe4 Nf6 5 Nxf6+ exf6.} h5 10. Be3 $146 (10. Ne2 Kg7 11. Bd2 Qc7 12. O-O-O b5 13. f3 Be6 14. Rdg1 Nd7 15. g4 hxg4 16. fxg4 Bd5 {0-1 Sychev,K (2563)-Fedoseev,V (2677) Wch Blitz Moscow 2019 (14)}) 10... Kg7 11. Nf3 {[%emt 0:05:03] The position is equal.} Re8 12. O-O-O Na6 13. Kb1 Be6 14. Nd2 {[%emt 0:06:23] A sharp opening} Nc7 15. Ne4 Nd5 16. Bc1 a5 17. g3 b5 18. Qd2 Rh8 {[%emt 0:02:57] Active counter play!} 19. f3 a4 20. Rdg1 Be7 21. g4 Nb6 22. gxh5 {[%emt 0:07:42] [#]} (22. Nc5 $142 Bxc5 23. dxc5) 22... Qd5 $1 $17 {[%emt 0:02:40] Dancing on a razor blade.} (22... Rxh5 $6 23. Ng3 Rh8 24. Nf5+ Kf8 25. Nxe7 Kxe7 26. Be4 $15) 23. Kc2 (23. h6+ Kh7 24. c4 bxc4 $17 (24... Qxd4 $2 25. Ng5+ Kg8 26. Nxe6 $18)) 23... Qxa2 24. Kd1 {[%emt 0:00:03] Hoping for hxg6.} Rxh5 $40 {[%emt 0:00:42][%mdl 128] Black wants a kill.} 25. Ng3 {[%emt 0:00:04] [#]} Rah8 26. Nxh5+ Rxh5 27. Qe2 Kf8 28. Ke1 c5 29. Kf2 cxd4 30. cxd4 {[%emt 0:00:05][%cal Og1g6] [#]} Qd5 $1 31. Qe4 Qd7 {[%emt 0:00:40][%mdl 1024] Black has strong compensation.} 32. Qf4 (32. Be2 $17) 32... Kg7 $19 33. Be2 Nd5 34. Qd2 f5 35. Qd3 (35. f4 {was called for.} Rxh4 (35... Bxh4+ 36. Kg2 $17) 36. Rxh4 Bxh4+ 37. Kg2) 35... b4 (35... Rxh4 $2 36. Qxb5 Qa7 (36... Rxd4 37. Qxd7 Bxd7 38. Rd1 $11) 37. Rxh4 Bxh4+ 38. Kg2 $19) (35... Bxh4+ $142 36. Rxh4 Rxh4 37. Qxb5 Qd8 (37... Rxd4 $2 38. Bh6+ Kxh6 39. Qb8 $17)) 36. Bg5 f4 37. Bxe7 Qxe7 (37... Nxe7 38. Rg5 $17) 38. Qe4 a3 (38... Rxh4 39. Qe5+ Kf8 (39... f6 40. Qe4 $16) 40. Bc4 Rxh1 41. Rxh1 $11) 39. bxa3 (39. Bc4) 39... bxa3 {[%emt 0:00:07][%cal Oa3a2] Black is clearly winning.} (39... Rxh4 $2 {loses.} 40. Qe5+ Kf8 (40... f6 $2 41. Qe4 $18) 41. Bc4 Rxh1 42. Rxh1 $18) 40. Bc4 Qb4 41. Rc1 Qd2+ 42. Be2 a2 {[%emt 0:00:34][%cal Oh5h4] White must now prevent ...Rxh4!.} 43. Rc2 Qa5 44. Ra1 Qd8 ({Weaker is} 44... Rxh4 45. Qe5+ Kh7 46. Rcxa2 $15) 45. Ke1 Bf5 {[%emt 0:00:42] Weighted Error Value: White=0.46/Black=0.10 (very precise)   Mistake:       	White=4     	Black=1      Inaccurate:     	White=9     	---        OK:         	White=10    	Black=16     Best:        	White=5     	Black=3      Strong:       	---       	Black=1} 0-1

[Event "AUT Bundesliga 2024-25"]
[Site "Austria"]
[Date "2025.04.04"]
[Round "8.8"]
[White "Pechac, Jergus"]
[Black "Kozak, Adam"]
[Result "1/2-1/2"]
[Annotator "TA"]
[ECO "C55"]
[WhiteElo "2600"]
[BlackElo "2598"]
[PlyCount "88"]
[EventDate "2024.08.28"]
[EventType "team-tourn"]
[EventCountry "AUT"]
[SourceTitle "playchess.com"]
[Source "ChessBase"]
[SourceQuality "1"]
[TimeControl "40/5400+30:1800+30"]

1. e4 e5 2. Nf3 Nc6 3. Bc4 Nf6 4. d3 h6 5. O-O d6 6. c3 Na5 7. Bb5+ Bd7 8. Bxd7+ Qxd7 {[%emt 0:00:09] White is slightly better.} 9. d4 Nc6 10. Qe2 Be7 11. d5 Nb8 12. c4 a5 13. Nc3 Na6 14. Be3 O-O 15. h3 b6 16. Ne1 Nh7 17. Nd3 Bg5 18. a3 a4 19. Bxg5 hxg5 20. Qg4 Qxg4 21. hxg4 Nc5 22. Nxc5 dxc5 23. Nb5 Rfc8 24. g3 Nf6 25. f3 Ne8 26. f4 gxf4 27. gxf4 Nd6 28. fxe5 (28. Nxd6 $11 {keeps the balance.} cxd6 29. f5) 28... Nxc4 $17 29. d6 cxd6 (29... Nxb2 30. Nxc7 Ra7 31. Nd5 $16) (29... c6 30. Nc7 Ra7 31. e6 fxe6 32. d7 Rb8) 30. Nxd6 Nxd6 31. exd6 {[%emt 0:00:06][%mdl 4096] Endgame KRR-KRR} Re8 32. Rf4 Rad8 33. Rd1 Re5 34. d7 Kf8 {[%emt 0:01:57] next ...Ke7 is good for Black.} 35. Rd6 $1 b5 36. Kf2 Ke7 37. Rb6 c4 (37... Rxd7 38. Rxb5 g6 39. Rb8 $15) (37... Rxd7 38. Rxb5 f6 39. Ke3 Rg5) 38. Rb7 $2 {[%emt 0:00:04] [#]} (38. Rf5 $11 {and White is okay.} Rxe4 39. Kf3) 38... f6 $2 ({Stronger than} 38... Rxd7 39. Rxf7+ Kxf7 40. Rxd7+ Ke8 41. Rxg7 $11) ({Black should try} 38... Kd6 $1 $19 39. Ra7 (39. Rxf7 Kc6 $17) 39... f6 (39... Rxd7 40. Rxd7+ Kxd7 41. Rxf7+ Re7 42. Rf4 $15)) 39. Rf5 $15 Rxe4 (39... Rxd7 {simplifies} 40. Rxe5+ fxe5 41. Rxb5 Kf6) 40. g5 {[%emt 0:00:05] The position is equal.} (40. Kf3 {feels hotter.} Rd4 41. Rfxb5 c3 42. bxc3 Rd3+ 43. Ke4) 40... Rxd7 41. gxf6+ gxf6 42. Rfxb5 Rxb7 43. Rxb7+ Kd6 44. Rb4 Kc5 {[%emt 0:00:00] Weighted Error Value: White=0.19 (very precise) /Black=0.10 (very precise)   Loses game:     	White=1     	---        Missed win:     	---       	Black=1      Mistake:       	White=1     	---        Inaccurate:     	White=2     	Black=1      OK:         	White=15    	Black=20     Strong:       	White=1     	---} 1/2-1/2

[Event "AUT Bundesliga 2024-25"]
[Site "Austria"]
[Date "2025.04.04"]
[Round "8.9"]
[White "Markus, Robert"]
[Black "Zilka, Stepan"]
[Result "1/2-1/2"]
[Annotator "TA"]
[ECO "E46"]
[WhiteElo "2595"]
[BlackElo "2515"]
[PlyCount "148"]
[EventDate "2024.08.28"]
[EventType "team-tourn"]
[EventCountry "AUT"]
[SourceTitle "playchess.com"]
[Source "ChessBase"]
[SourceQuality "1"]
[TimeControl "40/5400+30:1800+30"]

1. d4 Nf6 2. c4 e6 3. Nc3 Bb4 4. e3 O-O 5. Nge2 d5 6. a3 Be7 7. cxd5 exd5 8. Nf4 $1 {[%emt 0:01:19] 8.Nf4 scores better than 8.g3.} c6 9. Bd3 Na6 {[%emt 0:00:23] E46: Nimzo-Indian: Rubinstein: 4 e3 0-0 5 Ne2 without early Bd3.} 10. O-O Nc7 11. Bd2 Ne6 12. Nce2 Nxf4 13. Nxf4 Re8 14. Bb4 Bxb4 15. axb4 Bg4 16. Qc2 $146 (16. f3 Bh5 17. Re1 a6 18. Qc2 Bg6 19. Bxg6 hxg6 20. Nd3 Re7 21. Nc5 Qb6 22. Qd2 {0-1 Lahlum,H (2201)-Bogatyrev,I (2263) RUS-Nordic email 2017 [40]}) 16... a6 17. Rfe1 Qd6 18. Qc5 Rad8 19. Qxd6 Rxd6 20. f3 Bc8 21. h4 h5 22. Kf2 g6 23. Ne2 Kf8 24. Nc1 Ke7 25. Nb3 Kd8 26. Nc5 Kc7 27. Rad1 Nd7 28. Bc2 Nf8 29. Bb3 Ne6 30. Rd2 Ng7 31. e4 dxe4 (31... b6 $11 32. e5 Rdd8) 32. Nxe4 $16 (32. Bxf7 Rf8 33. Bb3 Nf5 $18) 32... Rd7 33. d5 $36 {[%emt 0:01:41][%mdl 2048] White has strong initiative. White is more active.} Nf5 {[%emt 0:01:36] [#]} 34. Red1 $1 Red8 35. dxc6 (35. g4 {looks sharper.} hxg4 36. fxg4 Re7 37. d6+) 35... Rxd2+ 36. Rxd2 Rxd2+ 37. Nxd2 Be6 38. Bxe6 fxe6 39. cxb7 {[%emt 0:02:53] [#]} Nxh4 $14 {[%emt 0:05:02][%mdl 4096] Endgame KN-KN. White is a pawn up.} 40. g4 {[%emt 0:10:10] Prevents Nf5} hxg4 41. fxg4 Kxb7 42. Kg3 g5 43. Ne4 e5 $2 ({Black should play} 43... Nf5+ $1 $14 44. gxf5 exf5 45. Nxg5 Kb6) 44. Nxg5 $18 Ng6 45. Ne4 Kc6 46. Nc3 Kd6 $2 (46... e4 47. g5 (47. Nxe4 Kb5 $16) 47... e3) 47. Kf3 Ne7 48. Ke4 Nc6 49. b5 axb5 50. Nxb5+ Ke6 51. Nc7+ $2 (51. g5 $18) 51... Kf6 $14 52. Nd5+ Kg5 {[%emt 0:00:00] The position is equal.} 53. Ne3 {[%emt 0:00:00] Hoping for Nc4.} Nb4 54. b3 Na6 55. Kf3 e4+ 56. Kg3 (56. Kxe4 $5 Nc5+ $8 57. Kd5 Nxb3 58. Ng2 $11) 56... Nb4 {[%emt 0:00:00] Repels Nd5} 57. Nc4 Nc2 58. Nd2 (58. Nd6 $5 e3 $8 59. Ne4+ Kg6 60. Nc3 $11) 58... e3 59. Nf3+ Kf6 60. Kg2 Nb4 61. Ne1 e2 62. Kf2 Kg5 63. Kg3 (63. Kxe2 {simplifies} Kxg4 64. Ke3 Kf5 65. Kd4) 63... Na2 64. Nf3+ Kf6 65. Kh4 Nc1 66. b4 Nd3 67. b5 e1=Q+ 68. Nxe1 Nxe1 $11 {[%emt 0:00:02] KN-KPP} 69. b6 Nf3+ 70. Kh5 {[%emt 0:00:04] White threatens b7 and mate.} Ne5 71. b7 Nd7 72. Kh6 Kf7 73. g5 Kg8 $1 74. Kg6 Nb8 {[%emt 0:00:07] Black defended with fortune.   Weighted Error Value: White=0.19 (very precise) /Black=0.22 (precise)   Loses game:     	---       	Black=1      Missed win:     	White=1     	---        Mistake:       	---       	Black=2      Inaccurate:     	White=3     	Black=3      OK:         	White=19    	Black=40     Best:        	White=6     	Black=7      Strong:       	White=1     	Black=1} 1/2-1/2

[Event "AUT Bundesliga 2024-25"]
[Site "Austria"]
[Date "2025.04.04"]
[Round "8.10"]
[White "Hracek, Zbynek"]
[Black "Korpa, Bence"]
[Result "1-0"]
[Annotator "TA"]
[ECO "B00"]
[WhiteElo "2538"]
[BlackElo "2543"]
[PlyCount "77"]
[EventDate "2024.08.28"]
[EventType "team-tourn"]
[EventCountry "AUT"]
[SourceTitle "playchess.com"]
[Source "ChessBase"]
[SourceQuality "1"]
[TimeControl "40/5400+30:1800+30"]

1. e4 Nc6 2. Nf3 d6 3. d4 Nf6 4. Nc3 g6 5. Be3 a6 6. Qd2 {[%emt 0:01:31] B00: Queen's Fianchetto Defence, Nimzowitsch Defence.} b5 7. Bd3 Ng4 $146 (7... e5 8. d5 Nb4 9. Be2 Ng4 10. a3 Nxe3 11. fxe3 Nxc2+ 12. Qxc2 Bh6 13. Qd3 Bd7 {1-0 Sverrisson,N (1973)-Campbell,E (1868) SCO-ch 119th 2012 (6)}) 8. Bg5 {[%emt 0:01:37] White is better.} h6 9. Bh4 Bg7 10. h3 Nf6 11. e5 Nh5 (11... Nh7 $16) 12. g4 $18 dxe5 13. dxe5 (13. gxh5 exd4 14. Ne4 g5 $14) 13... b4 14. O-O-O bxc3 15. Qxc3 Qd5 {[%emt 0:00:29] [#] Prevents Be4} 16. Bxa6 $1 (16. Bxg6 Nf4 17. Qe3 (17. Rxd5 $2 Ne2+ 18. Kd2 Nxc3 $19) (17. Bxf7+ $2 Kxf7 18. Rxd5 Ne2+ 19. Kd2 Nxc3 $19) 17... Qxa2 $11) 16... Qe4 (16... Qe6 {keeps fighting.} 17. Bc4 (17. Bxc8 Rxc8 18. gxh5 O-O $16) (17. Rd6 $2 Qxd6 18. Bb5 Rxa2 $19) 17... Bxe5 (17... Nf4 $2 18. Rhe1 $18)) 17. Bb5 O-O {[%emt 0:14:51][%cal Oa8a2] ...Rxa2! would now be deadly.} 18. Bxc6 Qf4+ 19. Kb1 Be6 20. b3 ({Inferior is} 20. gxh5 Bxa2+ 21. Ka1 Bc4+ 22. Kb1 (22. Bxa8 Rxa8+ 23. Kb1 Ba2+ 24. Ka1 Bd5+ 25. Kb1 Bxf3 $11) 22... Ba2+ 23. Ka1 Bb3+ 24. Kb1 (24. Bxa8 Rxa8+ 25. Kb1 Ba2+ 26. Ka1 Be6+ 27. Kb1 Ba2+ 28. Ka1 Bd5+ 29. Kb1 Ba2+ $11) 24... Ba2+ $11) 20... g5 21. Rd4 Bxe5 22. Nxe5 Qxe5 23. gxh5 Rad8 24. Rhd1 gxh4 25. Rg4+ Bxg4 26. Qxe5 Rxd1+ 27. Kb2 Bxh3 28. Qxe7 Bf5 29. Qf6 {[%emt 0:03:17] Against Rd2} ({Weaker is} 29. Qxc7 Rd2 $14) 29... Bh7 30. Qxh4 {[%emt 0:01:22] Black must now prevent Qg4+.} Rfd8 31. Be4 Bxe4 32. Qxe4 {[%emt 0:00:02][%mdl 4096] Endgame KQ-KRR} R1d5 33. Qh4 R8d6 34. a4 Kf8 35. Qg4 Re6 36. a5 {[%emt 0:01:33] White is clearly winning.} Rg5 (36... Rdd6 $142 37. b4 Ke7) 37. Qc4 Kg8 38. Qxc7 Rxh5 {[%emt 0:00:06] [#]} 39. a6 $1 {[%emt 0:03:08][%mdl 512] Black did not feel at home in the position after the opening.   Weighted Error Value: White=0.30/Black=0.76  Loses game:     	---       	Black=1      Mistake:       	---       	Black=2      Inaccurate:     	---       	Black=3      OK:         	White=11    	Black=9      Best:        	White=5     	Black=1      Strong:       	White=1     	---} 1-0